AoeStats
← HR Pinkman

Arena

505594891Analyzed
4v4 RM · 22d ago on Sep 10, 2026· 50m 25s· 8 players
Game mode
Random Map
Map size
Large (8 player)
Population
200
Speed
Normal
Resources
Standard
Victory
Conquest
Starting age
Dark Age
Ending age
Imperial Age
RankedLock teamsTeams togetherTeam positionsShared explorationLock speedFull tech treeHidden civsTurbo modeCheats
Victory
Defeat
1736
+14
🇨🇦 Italians · Canada
1671
+17
🇲🇽 Lithuanians · Mexico
1651
+18
🇺🇸 Cumans · United States
1598
+20
🇨🇱 Persians · Chile
1809
-22
🇨🇱 Poles · Chile
1736
-19
🇨🇱 Italians · Chile
1659
-16
🇨🇱 Cumans · Chile
1560
-12
UxCima
11:03 Feudal Age
15:27 Castle Age
13:39 Double-Bit Axe
14:03 Horse Collar
16:47 Bow Saw
20:31 Bloodlines
21:54 Fervor
22:17 Forging
24:04 Wheelbarrow
26:02 Hand Cart
30:29 Imperial Age
28:23 Heavy Plow
28:14 Gold Mining
28:51 Husbandry
29:30 Iron Casting
28:57 Loom
29:39 Scale Barding Armor
29:38 Pikeman
30:19 Squires
30:23 Scale Mail Armor
30:34 Capped Ram
31:40 Conscription
31:57 Chain Mail Armor
32:55 Two-Man Saw
32:28 Crop Rotation
32:58 Man-at-Arms
33:33 Halberdier
35:20 Tower Shields
36:02 Fletching
36:40 Caravan
37:14 Coinage
37:36 Chain Barding Armor
38:09 Stone Mining
39:48 Chemistry
39:09 Ballistics
40:50 Masonry
41:22 Elite Leitis
45:28 Hoardings
46:25 Light Cavalry
48:07 Fletching
48:55 Plate Barding Armor
AnTeK
8:54 Feudal Age
11:13 Loom
13:14 Fletching
19:09 Double-Bit Axe
22:32 Castle Age
20:56 Padded Archer Armor
20:39 Horse Collar
22:43 Crossbowman
23:18 Bodkin Arrow
25:33 Wheelbarrow
25:25 Bow Saw
26:49 Ballistics
27:57 Stone Mining
28:00 Gold Mining
35:05 Imperial Age
33:49 Leather Archer Armor
34:29 Thumb Ring
35:49 Bracer
36:52 Chemistry
36:34 Heavy Plow
37:35 Two-Man Saw
37:44 Conscription
39:20 Scale Mail Armor
40:37 Pirotechnia
39:56 Elite Genoese Crossbowman
40:49 Squires
41:06 Chain Mail Armor
40:29 Arbalester
42:30 Plate Mail Armor
43:02 Crop Rotation
43:56 Forging
47:35 Ring Archer Armor
48:49 Guilds
49:03 Silk Road
49:54 Iron Casting
49:30 Bloodlines
49:21 Husbandry
50:33 Masonry
50:03 Treadmill Crane
Bread Pudding With Bum Sauce
11:36 Feudal Age
15:28 Castle Age
13:18 Double-Bit Axe
14:15 Horse Collar
16:36 Bow Saw
21:55 Loom
26:21 Scale Mail Armor
26:32 Forging
27:14 Squires
30:36 Forging
30:42 Chain Mail Armor
31:42 Wheelbarrow
31:40 Stone Mining
31:41 Gold Mining
33:11 Iron Casting
32:49 Arson
36:29 Imperial Age
35:11 Hand Cart
37:41 Plate Mail Armor
36:33 Elite Gbeto
37:37 Conscription
41:41 Gold Shaft Mining
41:42 Stone Shaft Mining
42:07 Ballistics
42:47 Chemistry
41:38 Fletching
41:48 Padded Archer Armor
41:30 Treadmill Crane
42:00 Masonry
42:32 Caravan
44:19 Bodkin Arrow
46:22 Capped Ram
46:35 Onager
49:23 Masonry
49:52 Hoardings
51:28 Architecture
JaM DaDDy
0:46 Loom
9:40 Feudal Age
10:18 Double-Bit Axe
18:43 Horse Collar
24:37 Castle Age
22:58 Stone Mining
24:05 Wheelbarrow
23:23 Gold Mining
25:28 Bow Saw
24:44 Capped Ram
27:03 Heavy Plow
27:55 Gold Shaft Mining
29:46 Town Watch
32:55 Imperial Age
31:11 Scale Barding Armor
31:51 Bloodlines
32:37 Chain Barding Armor
33:15 Forging
38:51 Hand Cart
39:19 Plate Barding Armor
40:41 Two-Man Saw
40:38 Conscription
40:55 Cavalier
42:48 Crop Rotation
43:09 Iron Casting
45:10 Blast Furnace
44:28 Siege Ram
45:29 Caravan
45:41 Light Cavalry
46:24 Hussar
48:53 Hoardings
48:39 Fletching
HR Melodias
9:46 Feudal Age
13:21 Castle Age
12:36 Loom
13:17 Double-Bit Axe
15:03 Bow Saw
14:49 Fletching
16:10 Horse Collar
30:34 Wheelbarrow
30:39 Bow Saw
32:34 Hand Cart
33:27 Fortified Wall
37:17 Imperial Age
35:23 Bodkin Arrow
35:54 Ballistics
37:01 Padded Archer Armor
38:02 Leather Archer Armor
39:20 Chemistry
40:35 Bracer
40:27 Crossbowman
42:06 Arbalester
43:19 Thumb Ring
43:07 Town Watch
48:57 Gold Mining
49:29 Scale Mail Armor
happix
8:52 Feudal Age
10:27 Double-Bit Axe
11:15 Horse Collar
15:51 Wheelbarrow
17:28 Loom
25:10 Castle Age
23:26 Gold Mining
24:06 Scale Barding Armor
24:12 Forging
24:14 Bloodlines
26:17 Chain Barding Armor
27:26 Iron Casting
30:10 Capped Ram
36:28 Imperial Age
34:16 Hand Cart
36:31 Bow Saw
36:25 Heavy Plow
36:40 Cavalier
38:00 Plate Barding Armor
39:26 Paladin
40:02 Light Cavalry
42:27 Blast Furnace
43:27 Gold Shaft Mining
43:11 Light Cavalry
44:31 Onager
46:32 Hussar
HR pikoLein
9:04 Feudal Age
8:10 Loom
9:40 Double-Bit Axe
11:05 Horse Collar
14:20 Fletching
20:37 Castle Age
21:31 Bow Saw
21:22 Heavy Plow
25:43 Scale Mail Armor
32:55 Wheelbarrow
37:12 Imperial Age
34:48 Pikeman
35:29 Squires
36:22 Chain Mail Armor
36:17 Forging
37:28 Stone Mining
37:28 Gold Mining
37:41 Arson
38:27 Plate Mail Armor
38:37 Iron Casting
39:09 Ballistics
39:49 Chemistry
38:21 Capped Ram
39:44 Siege Ram
44:40 Blast Furnace
48:23 Scale Barding Armor
48:41 Lechitic Legacy
48:42 Conscription
49:19 Light Cavalry
50:09 Bloodlines
50:00 Husbandry
HR Pinkman
10:41 Feudal Age
14:31 Castle Age
12:52 Double-Bit Axe
13:16 Horse Collar
14:55 Light Cavalry
16:35 Loom
19:50 Bow Saw
22:35 Wheelbarrow
24:34 Heavy Plow
26:41 Hand Cart
31:09 Imperial Age
29:05 Fletching
29:21 Scale Barding Armor
29:30 Bloodlines
30:01 Forging
30:23 Chain Barding Armor
30:08 Husbandry
30:18 Gold Mining
30:18 Stone Mining
31:30 Iron Casting
32:33 Plate Barding Armor
31:21 Elite War Elephant
33:29 Chemistry
33:45 Gold Shaft Mining
33:44 Conscription
34:08 Masonry
36:30 Blast Furnace
36:37 Fletching
37:08 Ballistics
37:19 Architecture
38:13 Bodkin Arrow
38:27 Padded Archer Armor
38:35 Kamandaran
38:55 Crossbowman
39:41 Thumb Ring
41:03 Citadels
41:37 Leather Archer Armor
42:49 Ring Archer Armor
45:42 Crop Rotation
47:03 Caravan
47:25 Elite Skirmisher
Connection lost

Rejoining the realm…

Still unreachable

The connection could not be restored.

Session expired

The server has moved on; the page needs a fresh start.